 Dungeon Crawl Stone Soup version 0.21-a0-185-g3a6ed1e (webtiles) character file.

560 Lunath the Firebug (level 7, -5/36 HPs)
             Began as a Deep Elf Fire Elementalist on Aug 12, 2017.
             Killed by divine providence
             ... invoked by an orc priest
              (14 damage)
             ... on level 5 of the Dungeon on Aug 13, 2017.
             The game lasted 00:14:15 (4131 turns).

Lunath the Firebug (Deep Elf Fire Elementalist)     Turns: 4131, Time: 00:14:16

Health: -5/36      AC:  5    Str:  5    XL:     7   Next: 9%
Magic:  16/25      EV: 13    Int: 22    God:
Gold:   122        SH:  0    Dex: 15    Spells: 1/16 levels left

rFire    . . .     SeeInvis .   D - +3 dagger (vamp)
rCold    . . .     Gourm    .   (no shield)
rNeg     . . .     Faith    .   s - +1 robe
rPois    .         Spirit   .   (no helmet)
rElec    .         Reflect  .   (no cloak)
rCorr    .         Harm     .   (no gloves)
MR       .....                  (no boots)
Stlth    +++.......             l - amulet of regeneration
HPRegen  0.52/turn              v - ring of magical power
MPRegen  0.19/turn              x - +2 ring of protection

@: very slightly contaminated
A: no striking features
a: no special abilities


You were on level 5 of the Dungeon.
You were hungry.

You visited 1 branch of the dungeon, and saw 5 of its levels.

You collected 122 gold pieces.

Inventory:

Hand Weapons
 a - a +0 hunting sling
 b - a +0 dagger
 D - a +3 vampiric dagger (weapon)
Missiles
 g - 138 stones (quivered)
Armour
 s - a +1 robe (worn)
 t - a +0 shield
Jewellery
 l - an amulet of regeneration (around neck)
 v - a ring of magical power (left hand)
 x - a +2 ring of protection (right hand)
Wands
 y - a wand of iceblast (13/15)
Scrolls
 d - a scroll of enchant armour
 f - a scroll of teleportation
 i - 2 scrolls of remove curse
 m - a scroll of enchant weapon
 r - a scroll of magic mapping
Potions
 c - a potion of brilliance
 e - 2 potions of curing
 k - a potion of lignification
 n - a potion of ambrosia {unknown}
 q - 2 potions of berserk rage
 w - a potion of might {unknown}
 z - a potion of degeneration {unknown}
Books
 h - a book of Flames

   Spells                             Type                      Level
   a - Flame Tongue                   Conjuration/Fire             1
   b - Throw Flame                    Conjuration/Fire             2
   c - Conjure Flame                  Conjuration/Fire             3
   d - Inner Flame                    Hexes/Fire                   3
   e - Sticky Flame                   Conjuration/Fire             4
   f - Fireball                       Conjuration/Fire             5
Comestibles
 j - 4 meat rations
 o - 3 chunks of flesh
 p - a bread ration
 u - 7 fruits
 A - 2 royal jellies


   Skills:
 - Level 2.4 Dodging
 + Level 4.0 Stealth
 + Level 5.2 Spellcasting
 * Level 4.8 Conjurations
 * Level 5.9 Fire Magic


You had one spell level left.
You knew the following spells:

 Your Spells              Type           Power        Failure   Level  Hunger
a - Flame Tongue          Conj/Fire      ####.        1%          1    None
b - Throw Flame           Conj/Fire      ####..       1%          2    None
c - Conjure Flame         Conj/Fire      ####....     3%          3    ##.....
d - Sticky Flame          Conj/Fire      ####....     11%         4    ####...
e - Fireball              Conj/Fire      ####......   30%         5    #####..


Dungeon Overview and Level Annotations

Branches:
Dungeon (5/15)
 Temple: D:4-7

Altars:
Makhleb


Message History

Press: ? - help, Shift-Dir - straight line, f/p - orc priest
Aim: an orc priest, wielding a war axe and wearing a dyed leather armour (lightly wounded)
Okay, then.
Casting: Flame Tongue
Confirm with . or Enter, or press ? or * to list all spells.
Aiming: Sticky Flame
Press: ? - help, Shift-Dir - straight line, f/p - orc priest
Aim: an orc priest, wielding a war axe and wearing a dyed leather armour (lightly wounded)
The sticky flame hits the orc priest.
The orc priest resists.
The orc priest is lightly wounded.
The orc priest is covered in liquid flames!
You are feeling hungry.
The orc priest burns!
The orc priest calls down the wrath of Beogh upon you.
Beogh smites you!
* * * LOW HITPOINT WARNING * * *
The orc priest burns!
The orc priest invokes the aid of Beogh against you.
Beogh smites you!
You die...

#........#
#........# .
#........# .#.
#........# #.#
#.......### #.#
#.......# #.#
#o##.##.# #.# #.# ..
###.########@# ..o
#.......(....# # .#.
#.#.##..###..##.##.#
#.#..<....#........#
#.####..#.......####
#.####..###.#####
#...........#
#############


You could see an orc priest (burning).

Vanquished Creatures
  A centaur (D:4)
  A scorpion (D:4)
  A howler monkey (D:4)
  A hound (D:4)
  An orc wizard (D:4)
  A centaur skeleton (D:4)
  An orc priest (D:4)
  4 worker ants
  A hound zombie (D:5)
  A worker ant zombie (D:5)
  2 gnolls
  4 adders
  2 oozes
  A dart slug (D:1)
  3 leopard geckos
  5 orcs
  4 bats
  9 giant cockroaches
  7 goblins
  11 hobgoblins
  3 jackals
  2 quokkas
  3 ball pythons
  8 frilled lizards
  8 kobolds
  8 rats
93 creatures vanquished.

Notes
Turn   | Place    | Note
-------+----------+-------------------------------------------
     0 | D:1      | Lunath the Deep Elf Fire Elementalist began the quest for the Orb.
     0 | D:1      | Reached XP level 1. HP: 10/10 MP: 6/6
   278 | D:1      | Reached XP level 2. HP: 15/15 MP: 6/8
   285 | D:1      | Learned a level 2 spell: Throw Flame
   655 | D:1      | Reached XP level 3. HP: 19/19 MP: 0/9
   660 | D:1      | Learned a level 3 spell: Conjure Flame
  1792 | D:2      | Reached XP level 4. HP: 24/24 MP: 5/11
  1798 | D:2      | Learned a level 4 spell: Sticky Flame
  1929 | D:2      | Found a burning altar of Makhleb.
  3111 | D:4      | Reached XP level 5. HP: 28/28 MP: 13/13
  3407 | D:4      | Reached skill level 5 in Fire Magic
  3529 | D:4      | Reached XP level 6. HP: 32/32 MP: 14/14
  3788 | D:4      | Reached skill level 5 in Spellcasting
  3822 | D:4      | Learned a level 5 spell: Fireball
  4006 | D:5      | Entered Level 5 of the Dungeon
  4010 | D:5      | Reached XP level 7. HP: 36/36 MP: 16/16
  4131 | D:5      | Killed from afar by an orc priest

Vault maps used:
D:1:      sevenhm_arrival_forest_fort_small_3
D:2:      old_standard_altar
D:4:      st_stairs_6, serial_park_tiny_2
D:5:      first_bread

Skill      XL: |  1  2  3  4  5  6 |
---------------+-------------------+-----
Conjurations   | 2 3 4 |  4.8
Fire Magic     | 4 5 |  5.9
Spellcasting   | 4 5 |  5.2
Stealth        | 3 4 |  4.0
Dodging        | |  2.4

Action                   |  1- 3 |  4- 6 |  7- 9 || total
-------------------------+-------+-------+-------++-------
Melee: Dagger            |     3 |    21 |       ||    24
 Fire: Hunting sling     |       |    12 |       ||    12
Throw: Stone             |     7 |     7 |       ||    14
 Cast: Flame Tongue      |    36 |    71 |     7 ||   114
       Throw Flame       |    22 |    24 |     5 ||    51
       Conjure Flame     |       |     6 |       ||     6
       Sticky Flame      |       |     7 |     1 ||     8
  Use: Scroll            |       |    14 |       ||    14
 Stab: Sleeping          |     1 |     3 |       ||     4
  Eat: Chunk             |     3 |     9 |       ||    12
       Bread ration      |       |     1 |       ||     1
Armor: Robe              |     1 |    12 |       ||    13
Dodge: Dodged            |    10 |    55 |       ||    65
